 Dungeon Crawl Stone Soup version 0.26-a0-70-g31f1466007 (webtiles) character file.

Game seed: 12118087795539938116

52197 Ducaba the Brawler (level 14, -3/143 HPs)
             Began as a Troll Monk on June 13, 2020.
             Was a High Priest of Makhleb.
             Slain by an orc warlord
             ... wielding a +2 vampiric war axe
              (20 damage)
             ... on level 1 of the Orcish Mines.
             The game lasted 01:27:33 (18914 turns).

Ducaba the Brawler (Troll Monk)                    Turns: 18914, Time: 01:27:34

Health: -3/143     AC: 11    Str: 27    XL:     14   Next: 26%
Magic:  20/20      EV: 13    Int:  7    God:    Makhleb [*****.]
Gold:   1161       SH: 18    Dex: 20    Spells: 13/13 levels left

rFire    . . .     SeeInvis .     - Unarmed
rCold    . . .     Gourm    +   B - +0 tower shield
rNeg     . . .     Faith    .   D - +3 robe of Clouds {+Thunder rCloud rElec}
rPois    .         Spirit   .   (helmet restricted)
rElec    +         Reflect  .   E - +1 cloak
rCorr    .         Harm     .   (gloves unavailable)
MR       +....                  (boots unavailable)
Stlth    ++........             J - amulet of regeneration
HPRegen  1.13/turn              Y - ring of Xuamn {EV+4 Str+4}
MPRegen  0.17/turn              y - +6 ring of dexterity

@: heavily drained
A: large, unfitting armour, claws 3, fast metabolism 3, gourmand, regeneration
1, shaggy fur 1, tough skin 3
a: Minor Destruction, Lesser Servant of Makhleb, Major Destruction, Greater
Servant of Makhleb, Renounce Religion, Evoke Thunderclouds


You were on level 1 of the Orcish Mines.
You worshipped Makhleb.
Makhleb was extremely pleased with you.
You were very full.

You visited 3 branches of the dungeon, and saw 20 of its levels.
You also visited: Sewer and Bailey.

You collected 1911 gold pieces.
You spent 750 gold pieces at shops.

Inventory:

Armour
 B - a +0 tower shield (worn)
 D - the +3 robe of Clouds (worn) {+Thunder rCloud rElec}
   (You found it on level 7 of the Dungeon)

   It insulates you from electricity.
 E - a +1 cloak (worn)
Jewellery
 h - an uncursed ring of ice
 i - a +4 ring of evasion
 l - an uncursed ring of poison resistance
 y - a +6 ring of dexterity (right claw)
 J - an amulet of regeneration (around neck)
 K - an uncursed ring of poison resistance
 N - a cursed -4 ring of protection {unknown}
 P - an uncursed amulet of magic regeneration {unknown}
 Q - a +6 ring of intelligence {unknown}
 T - an uncursed ring of protection from cold
 V - an uncursed ring of stealth {unknown}
 Y - the ring of Xuamn (left claw) {EV+4 Str+4}
   (You found it on level 5 of the Lair of Beasts)

   [ring of evasion]

   It affects your evasion (+4).
   It affects your strength (+4).
Wands
 a - a wand of flame (28)
 F - a wand of enslavement (8)
Scrolls
 d - a scroll of teleportation
 f - 4 scrolls of amnesia
 m - 6 scrolls of immolation
 o - 9 scrolls of remove curse
 t - 5 scrolls of enchant armour
 v - 2 scrolls of fog {unknown}
 z - 7 scrolls of blinking
 C - a scroll of torment {unknown}
 G - 3 scrolls of acquirement {unknown}
 H - 4 scrolls of enchant weapon
 I - a scroll of summoning {unknown}
 O - 3 scrolls of identify
 R - 2 scrolls of magic mapping {unknown}
 S - 2 scrolls of fear {unknown}
 U - 2 scrolls of vulnerability {unknown}
 W - a scroll of holy word {unknown}
 X - a scroll of random uselessness {unknown}
Potions
 c - 4 potions of brilliance
 e - a potion of invisibility {unknown}
 j - a potion of lignification {unknown}
 k - 2 potions of berserk rage
 p - a potion of haste
 q - 3 potions of flight {unknown}
 r - 2 potions of heal wounds
 s - a potion of resistance
 u - 6 potions of curing
 w - 4 potions of magic
 x - a potion of mutation {unknown}
 A - 5 potions of stabbing
 L - a potion of ambrosia {unknown}
 M - 5 potions of degeneration {unknown}
Comestibles
 b - 45 rations


   Skills:
 + Level 10.2(8.4) Fighting
 - Level 5.0(3.4) Dodging
 - Level 1.0(0.0) Stealth
 * Level 9.4(7.6) Shields
 - Level 15.3(13.3) Unarmed Combat
 * Level 9.6(7.8) Invocations


You had 13 spell levels left.
You didn't know any spells.
Your spell library contained the following spells:

 Spells                   Type           Power        Failure   Level  Hunger
 Beastly Appendage        Tmut           #.....       92%         1    ##.....
 Corona                   Hex            #......      92%         1    ##.....
 Foxfire                  Conj/Fire      #...         92%         1    ##.....
 Infusion                 Chrm           #...         92%         1    ##.....
 Sandblast                Erth           #.....       92%         1    ##.....
 Shock                    Conj/Air       #...         92%         1    ##.....
 Summon Small Mammal      Summ           #...         92%         1    ##.....
 Call Imp                 Summ           #.......     98%         2    ###....
 Corpse Rot               Necr/Air       N/A          98%         2    ###....
 Ensorcelled Hibernation  Hex/Ice        #.....       98%         2    ###....
 Passwall                 Tmut/Erth      #.......     98%         2    ###....
 Shroud of Golubria       Chrm/Tloc      #.....       98%         2    ###....
 Song of Slaying          Chrm           #.......     98%         2    ###....
 Sticks to Snakes         Tmut           #.......     98%         2    ###....
 Swiftness                Chrm/Air       #.......     98%         2    ###....
 Call Canine Familiar     Summ           #.......     100%        3    ####...
 Confusing Touch          Hex            #.......     100%        3    ####...
 Conjure Flame            Conj/Fire      #.......     100%        3    ####...
 Dazzling Flash           Conj/Hex       #.....       100%        3    ####...
 Ignite Poison            Fire/Tmut/Pois #.......     100%        3    ####...
 Inner Flame              Hex/Fire       #.......     100%        3    ####...
 Ozocubu's Armour         Chrm/Ice       #.......     100%        3    ####...
 Recall                   Summ/Tloc      N/A          100%        3    ####...
 Spectral Weapon          Hex/Chrm       #.......     100%        3    ####...
 Spider Form              Tmut/Pois      #.........   100%        3    ####...
 Static Discharge         Conj/Air       #.......     100%        3    ####...
 Stone Arrow              Conj/Erth      #.....       100%        3    ####...
 Summon Guardian Golem    Hex/Summ       #.......     100%        3    ####...
 Tukima's Dance           Hex            #.......     100%        3    ####...
 Airstrike                Air            #.........   100%        4    #####..
 Animate Dead             Necr           N/A          100%        4    #####..
 Ice Form                 Ice/Tmut       #.......     100%        4    #####..
 Petrify                  Tmut/Erth      #.......     100%        4    #####..
 Sticky Flame             Conj/Fire      #.......     100%        4    #####..
 Summon Ice Beast         Ice/Summ       #.......     100%        4    #####..
 Summon Lightning Spire   Summ/Air       #.......     100%        4    #####..
 Blade Hands              Tmut           #.........   100%        5    ######.
 Borgnjor's Vile Clutch   Necr/Erth      #.........   100%        5    ######.
 Fireball                 Conj/Fire      #.........   100%        5    ######.
 Lee's Rapid Deconstruct  Erth           #.........   100%        5    ######.
 Lightning Bolt           Conj/Air       #.........   100%        5    ######.
 Summon Forest            Summ/Tloc      #.........   100%        5    ######.
 Death Channel            Necr           #.........   100%        6    #######
 Eringya's Noxious Bog    Tmut/Pois      #.........   100%        6    #######
 Hydra Form               Tmut           #.........   100%        6    #######
 Simulacrum               Ice/Necr       #.........   100%        6    #######
 Starburst                Conj/Fire      #.........   100%        6    #######
 Ring of Flames           Chrm/Fire      #.........   100%        7    #######
 Summon Hydra             Summ           #.........   100%        7    #######
 Ignition                 Fire           #.........   100%        8    #######


Dungeon Overview and Level Annotations

Branches:
Dungeon (12/15)            Temple (0/1) D:6            Lair (6/6) D:11
  Swamp (0/4) Lair:4       Spider (0/4) Lair:2        Slime (0/5) Lair:6
    Orc (2/2) D:10          Sewer (visited)          Bailey (visited)
    Elf: Orc:2

Altars:
Makhleb
Okawaru
Beogh
Jiyva

Shops:
D:8 (=*[%   Orc:2 *=

Annotations:
D:4 3 runed translucent doors, exclusion: 3 doors, vurker's ghost, novice NaVM


Innate Abilities, Weirdness & Mutations

You are too large for most types of armour.
You have claws for hands.
Your metabolism is lightning-fast.
You like to eat raw meat.
Your natural rate of healing is unusually fast.
You are covered in fur. (AC +1)
You have extremely tough skin. (AC +3)


Message History

You mangle the orc warlord!!
The orc warlord is severely wounded.
The orc warlord hits you with a +2 vampiric war axe!
The orc warlord draws strength from your wounds!
You mangle the orc warlord!!
The orc warlord is almost dead.
The orc warlord hits you with a +2 vampiric war axe!
* * * LOW HITPOINT WARNING * * *
The orc warlord draws strength from your wounds!
The orc warlord blocks your attack.
The orc warlord is almost dead.
The orc warlord hits you with a +2 vampiric war axe!
* * * LOW HITPOINT WARNING * * *
The orc warlord draws strength from your wounds!
You scratch the orc warlord but do no damage.
The orc warlord is almost dead.
You scratch the orc warlord but do no damage.
The orc warlord is almost dead.
The orc warlord hits you with a +2 vampiric war axe!!
You die...

..#....#..................####
..##.##....................#.##
.######............._..#......#
## #...#.................#.##
###....................##.##
##.##.#..#.#................#
#....##.#...##..##..#...##.##
##.......#..##.##..#...#####
##...#..#.oo@......#.##
##.##...#.##.##..####
#...##.##.########
##...####...# #.....# ##.##
##.#.## ### #####


You could see an orc warlord and an orc warrior (strong).

Vanquished Creatures
  2 orc warlords
  Nessos (Lair:4)
  A dire elephant (Lair:6)
  A catoblepas (Lair:6)
  Urug (Lair:4)
  3 death yaks (Lair:6)
  3 orc knights
  Pikel (D:9)
  A deep elf mage (D:12)
  4 orc sorcerers
  2 cyclopes
  3 manticores
  5 elephants (Lair:6)
  5 black mambas
  A torpor snail (Lair:6)
  7 spiny frogs
  Maggie (D:8)
  A gargoyle (D:11)
  2 rime drakes
  8 komodo dragons
  4 trolls
  7 polar bears (Lair:6)
  2 hornets (Lair:6)
  5 hippogriffs
  2 dream sheep (Lair:6)
  8 blink frogs
  3 raiju (Lair:6)
  Sigmund (D:3)
  2 wyverns
  A wraith (D:10)
  33 yaks
  Eustachio (D:6)
  3 basilisks
  9 wargs
  A steam dragon (D:11)
  3 hungry ghosts
  An acid dragon (D:11)
  A soldier ant (D:11)
  10 hell hounds (Lair:6)
  7 water moccasins
  10 porcupines
  11 black bears (Lair:6)
  2 ice beasts
  A necrophage (D:5)
  A sky beast (D:7)
  A slave (D:9)
  20 orc warriors
  9 ogres
  2 phantoms (D:10)
  A centaur (D:11)
  14 wolves
  9 crocodiles
  5 big kobolds
  7 bullfrogs
  5 scorpions
  2 troll zombies (D:10)
  16 killer bees
  14 wights
  4 crimson imps
  A centaur zombie (D:6)
  4 jellies
  6 hounds
  12 orc wizards
  11 orc priests
  3 bullfrog skeletons
  3 iguanas
  10 worker ants
  4 ogre zombies (D:10)
  3 hound skeletons
  A worker ant zombie (D:8)
  16 gnolls
  12 adders
  2 howler monkey skeletons
  4 river rats
  2 shadow imps
  12 oozes
  4 adder zombies
  12 worms
  2 dart slugs
  6 leopard geckos
  79 orcs
  7 giant cockroaches
  18 goblins
  19 hobgoblins
  2 jackals (D:8)
  2 quokkas
  4 ball pythons
  6 bats
  10 frilled lizards
  4 goblin zombies (D:10)
  A hobgoblin skeleton (D:10)
  3 hobgoblin zombies (D:10)
  19 kobolds
  2 leopard gecko skeletons
  4 orc skeletons (D:10)
  7 orc zombies (D:10)
  15 rats
623 creatures vanquished.

Vanquished Creatures (collateral kills)
  Harold (Lair:1)
  5 hydras
  A catoblepas (Lair:6)
  An orc knight (Bailey)
  Joseph (Lair:1)
  2 elephants (Lair:6)
  A spiny frog (Lair:1)
  A rime drake (Lair:6)
  2 polar bears (Lair:6)
  A slime creature (D:12)
  A blink frog (Lair:6)
  A yak (Lair:6)
  A warg (Lair:6)
  2 hell hounds (Lair:6)
  A porcupine (Lair:4)
  6 orc warriors (Bailey)
  4 wolves (Lair:6)
  A bullfrog (D:8)
  4 gnolls (Bailey)
  4 orcs
  4 goblins (Bailey)
  3 hobgoblins (Bailey)
  A jackal (D:8)
  A fungus (Lair:5)
  A plant (Lair:5)
51 creatures vanquished.

Vanquished Creatures (others)
  A shadow imp (D:9)
  3 fungi (Lair:6)
  12 plants (Lair:6)
16 creatures vanquished.

Grand Total: 690 creatures vanquished

Notes
Turn   | Place    | Note
-------+----------+-------------------------------------------
     0 | D:1      | Ducaba the Troll Monk began the quest for the Orb.
     0 | D:1      | Reached XP level 1. HP: 22/22 MP: 0/0
    71 | D:1      | Reached XP level 2. HP: 29/29 MP: 1/1
   551 | D:1      | Reached XP level 3. HP: 34/36 MP: 2/2
  1449 | D:2      | Reached skill level 4 in Unarmed Combat
  1826 | D:2      | Reached XP level 4. HP: 42/44 MP: 3/3
  2246 | D:3      | Found an iron altar of Okawaru.
  2257 | D:3      | Reached XP level 5. HP: 49/53 MP: 4/4
  2565 | D:4      | Noticed Sigmund
  2570 | D:3      | Killed Sigmund
  2570 | D:3      | Reached skill level 5 in Unarmed Combat
  2570 | D:3      | Reached XP level 6. HP: 61/61 MP: 5/5
  2691 | D:4      | Reached skill level 6 in Unarmed Combat
  2812 | D:4      | Reached XP level 7. HP: 67/68 MP: 6/6
  3238 | D:4      | Found a runed translucent gate.
  3239 | D:4      | Found a runed translucent gate.
  3240 | D:4      | Found a runed translucent gate.
  3242 | D:4      | Noticed vurker's ghost (novice NaVM)
  3279 | D:5      | Entered Level 5 of the Dungeon
  3456 | D:5      | Reached skill level 7 in Unarmed Combat
  3523 | D:5      | Reached XP level 8. HP: 79/79 MP: 7/7
  3741 | D:5      | Found a glowing drain.
  3750 | Sewer    | Entered a sewer
  4021 | Sewer    | Reached skill level 8 in Unarmed Combat
  4057 | Sewer    | Reached skill level 5 in Dodging
  4153 | Sewer    | Reached skill level 5 in Fighting
  4455 | D:5      | Found a burning altar of Makhleb.
  4463 | D:5      | Became a worshipper of Makhleb the Destroyer
  4463 | D:5      | Reached * piety under Makhleb
  4463 | D:5      | Reached ** piety under Makhleb
  4571 | D:6      | Found a staircase to the Ecumenical Temple.
  4793 | D:6      | Noticed Eustachio
  4857 | D:6      | Killed Eustachio
  5022 | D:6      | Reached skill level 9 in Unarmed Combat
  5125 | D:6      | Reached skill level 1 in Invocations
  5125 | D:6      | Reached XP level 9. HP: 62/86 MP: 6/8
  5191 | D:6      | Reached skill level 1 in Shields
  5972 | D:7      | Reached *** piety under Makhleb
  6007 | D:7      | Found the +3 robe of Clouds {+Thunder rCloud rElec}
  6266 | D:8      | Found Regen's Antique Weapon Shoppe.
  6345 | D:8      | Reached skill level 10 in Unarmed Combat
  6380 | D:8      | Found a flagged portal.
  6486 | Bailey   | Entered a bailey
  6649 | Bailey   | Reached **** piety under Makhleb
  6678 | Bailey   | Noticed an orc knight
  6727 | Bailey   | Killed an orc knight
  6766 | Bailey   | Reached XP level 10. HP: 89/98 MP: 11/11
  6867 | Bailey   | Noticed an orc warlord
  6869 | Bailey   | Noticed an orc knight
  6883 | Bailey   | Killed an orc warlord
  6932 | Bailey   | Killed an orc knight
  7081 | Bailey   | Reached skill level 11 in Unarmed Combat
  7296 | D:8      | Noticed Maggie
  7308 | D:8      | Killed Maggie
  7384 | D:8      | Found Culoul's Antique Armour Shoppe.
  7414 | D:8      | Found Ereyfoho's Assorted Antiques.
  7438 | D:8      | Found Xadd's Jewellery Shop.
  7460 | D:8      | Bought an uncursed amulet of regeneration for 450 gold
                  | pieces
  7460 | D:8      | Bought an uncursed ring of poison resistance for 300 gold
                  | pieces
  7618 | D:8      | Found Sexiakk's Food Shoppe.
  7820 | D:9      | Noticed Pikel
  7831 | D:9      | Killed Pikel
  8692 | D:10     | Entered Level 10 of the Dungeon
  8729 | D:10     | Found a staircase to the Orcish Mines.
  8766 | D:10     | Reached skill level 5 in Invocations
  8808 | D:10     | Reached XP level 11. HP: 107/107 MP: 13/13
  8903 | D:10     | Noticed an eight-headed hydra
  8903 | D:10     | Noticed an eight-headed hydra
  8926 | D:10     | You fall into a shaft and drop 2 floors!
  8927 | D:12     | Noticed a purple ugly thing
  9142 | D:12     | Noticed a deep elf mage
  9148 | D:12     | Killed a deep elf mage
  9164 | D:12     | Reached skill level 12 in Unarmed Combat
  9274 | D:11     | Reached skill level 5 in Shields
  9688 | D:11     | Found a staircase to the Lair.
 10587 | D:10     | Killed a nine-headed hydra
 10723 | D:10     | Killed an eight-headed hydra
 11410 | Lair:1   | Entered Level 1 of the Lair of Beasts
 11497 | Lair:1   | Reached skill level 13 in Unarmed Combat
 11664 | Lair:1   | Reached XP level 12. HP: 107/120 MP: 15/15
 11688 | Lair:1   | Noticed Harold
 11701 | Lair:1   | Killed Harold
 11802 | Lair:1   | Noticed Joseph
 11811 | Lair:1   | Killed Joseph
 12483 | Lair:2   | Found a hole to the Spider Nest.
 13898 | Lair:4   | Noticed Nessos
 13913 | Lair:4   | Killed Nessos
 14110 | Lair:4   | Noticed Urug
 14129 | Lair:4   | Killed Urug
 14253 | Lair:4   | Found a staircase to the Swamp.
 14344 | Lair:4   | Reached skill level 14 in Unarmed Combat
 15323 | Lair:5   | Got a heavily runed golden ring
 15434 | Lair:5   | Noticed a seven-headed hydra
 15440 | Lair:5   | Killed a seven-headed hydra
 15686 | Lair:6   | Entered Level 6 of the Lair of Beasts
 15719 | Lair:6   | Reached XP level 13. HP: 103/131 MP: 17/17
 16122 | Lair:6   | Noticed a dire elephant
 16152 | Lair:6   | Killed a dire elephant
 16187 | Lair:6   | Reached skill level 15 in Unarmed Combat
 16763 | Lair:6   | HP: 4/133 [ten-headed hydra (8)]
 16885 | Lair:6   | Reached skill level 10 in Fighting
 16953 | Lair:6   | Reached ***** piety under Makhleb
 17148 | Lair:6   | Found a viscous altar of Jiyva.
 17148 | Lair:6   | Found a staircase to the Slime Pits.
 17312 | Lair:6   | Paralysed by a hornet for 2 turns
 17316 | Lair:6   | Reached XP level 14. HP: 143/143 MP: 19/19
 17466 | Lair:6   | Identified the ring of Xuamn {EV+4 Str+4} (You found it on
                  | level 5 of the Lair of Beasts)
 17754 | Orc:1    | Entered Level 1 of the Orcish Mines
 17917 | D:10     | Paralysed by an orc sorcerer for 4 turns
 18005 | Orc:1    | Found a roughly hewn altar of Beogh.
 18023 | Orc:2    | Entered Level 2 of the Orcish Mines
 18023 | Orc:2    | Found Hiurr's Jewellery Shoppe.
 18557 | Orc:2    | Noticed an orc warlord
 18586 | Orc:1    | Killed an orc warlord
 18720 | Orc:2    | Found Kaewk's General Store.
 18864 | Orc:2    | Noticed an orc warlord
 18914 | Orc:1    | Slain by an orc warlord

Illustrated notes

Levels and vault maps discovered:
D:1:      lightli_arrival_chessboard, layout_basic, minmay_hexomino_u4
D:2:      layout_basic, first_ration
D:3:      layout_basic, okawaru_altar_gauntlet_db, minmay_misc_feat_plants
D:4:      minmay_spotlight, layout_rooms, gammafunk_ghost_necromancy,
          uniq_sigmund
D:5:      layout_rooms, gup_sewer_entry_bubbles, makhleb_heckhound_becter
D:6:      layout_basic, minmay_temple_entry_mist, grunt_ministairs_5,
          uniq_eustachio
D:7:      kennysheep_big_flooded_room, layout_basic
D:8:      layout_rooms, enter_bailey_3, serial_shops, shop, shop_statue,
          nicolae_shop_behind_doors, shop, kennysheep_little_box,
          hangedman_little_slice_of_home, uniq_maggie
D:9:      layout_basic, basic_altar, st_stairs_12, uniq_maurice, uniq_pikel
D:10:     layout_layer_cave, zombieorc1_lemuel, minmay_checkerbox
D:11:     layout_loops_ring, erik_lair_dragon
D:12:     layout_loops_corners, grunt_ministairs_15
Lair:1:   layout_small_grid, infiniplex_staircase_pool_2, uniq_joseph,
          uniq_harold
Lair:2:   layout_regular_city, dummy_spider_entry, grunt_megastairs_1
Lair:3:   layout_misc_corridors, lemuel_fruit_tree, grunt_megastairs_2,
          lemuel_fruit_fields
Lair:4:   layout_cellular_growth, swamp_mist_pool, minivault_19, uniq_urug,
          uniq_nessos
Lair:5:   layout_cellular_growth, st_stairs_6
Lair:6:   hangedman_lair_caniforms_friends, layout_regular_city,
          hangedman_lair_in_review, dpeg_slime_entry_enclosed_altar
Orc:1:    layout_caves, basic_altar
Orc:2:    grunt_orc_gardens, layout_diamond_mine, grunt_orc_garden,
          grunt_orc_garden, grunt_orc_garden, grunt_orc_garden, serial_shops,
          shop, shop, nicolae_orc_damp_corner

Skill      XL: |  1  2  3  4  5  6  7  8  9 10 11 12 13 14 |
---------------+-------------------------------------------+-----
Unarmed Combat | 4 5 6 7 9 10 11 13 14 15 | 15.3
Dodging        | 3 4 5 |  5.0
Fighting       | 3 4 5 6 7 8 9 10 | 10.2
Invocations    | 1 3 5 6 7 9 |  9.6
Shields        | 3 4 5 7 8 9 |  9.4
Stealth        | |  1.0

Action                   |  1- 3 |  4- 6 |  7- 9 | 10-12 | 13-15 || total
-------------------------+-------+-------+-------+-------+-------++-------
Melee: Unarmed           |   111 |   148 |   503 |   810 |   609 ||  2181
       Punch             |     6 |     1 |     8 |       |       ||    15
Throw: Stone             |       |       |       |     1 |       ||     1
Invok: Lesser Servant of |       |       |     3 |    34 |    10 ||    47
       Minor Destruction |       |       |     1 |     2 |       ||     3
Evoke: Wand              |       |       |       |       |     1 ||     1
  Use: Scroll            |       |       |    10 |     8 |       ||    18
       Potion            |       |       |       |     3 |     8 ||    11
 Stab: Sleeping          |     3 |       |     3 |     6 |       ||    12
       Distracted        |       |       |     1 |     4 |     4 ||     9
  Eat: Chunk             |    22 |     9 |    39 |    81 |    33 ||   184
       Ration            |       |       |       |     1 |       ||     1
Armor: Robe              |    35 |    45 |    83 |   119 |   113 ||   395
Dodge: Dodged            |    60 |    97 |   164 |   237 |   204 ||   762
Block: Tower shield      |       |       |   174 |   558 |   561 ||  1293

Table legend:
 A = Non-vault XP
 B = Vault XP
 C = Vault XP percentage of total XP
 D = Non-vault monster count
 E = Vault monster count
 F = Vault count percentage of total count
                 A         B        C        D         E       F
            +---------+---------+-------+---------+---------+-------
      Total |   36114 |   38454 |  51.6 |     393 |     279 |  41.5
            +---------+---------+-------+---------+---------+-------
        D:1 |      63 |       5 |   7.4 |      25 |       4 |  13.8
        D:2 |      74 |       0 |   0.0 |      21 |       0 |   0.0
        D:3 |      85 |     288 |  77.2 |      24 |       7 |  22.6
        D:4 |     450 |      78 |  14.8 |      18 |       2 |  10.0
        D:5 |     669 |      92 |  12.1 |      19 |       7 |  26.9
        D:6 |     699 |     257 |  26.9 |      26 |       3 |  10.3
        D:7 |     534 |     130 |  19.6 |      12 |       2 |  14.3
        D:8 |    1035 |     534 |  34.0 |      21 |      13 |  38.2
        D:9 |     919 |     673 |  42.3 |      16 |       2 |  11.1
       D:10 |    4179 |    1820 |  30.3 |      48 |      33 |  40.7
       D:11 |    3454 |    1463 |  29.8 |      31 |       7 |  18.4
       D:12 |    1210 |     519 |  30.0 |       7 |       1 |  12.5
     Lair:1 |    3536 |     864 |  19.6 |      19 |       2 |   9.5
     Lair:2 |    1886 |     285 |  13.1 |       8 |       2 |  20.0
     Lair:3 |    1147 |    1021 |  47.1 |       5 |       4 |  44.4
     Lair:4 |    3557 |    1711 |  32.5 |      18 |       2 |  10.0
     Lair:5 |    2907 |     487 |  14.3 |      15 |       1 |   6.2
     Lair:6 |    8211 |   20048 |  70.9 |      31 |      77 |  71.3
      Orc:1 |    1454 |    4108 |  73.9 |      26 |      10 |  27.8
      Orc:2 |      45 |     589 |  92.9 |       3 |       3 |  50.0
      Sewer |       0 |     476 | 100.0 |       0 |      28 | 100.0
     Bailey |       0 |    3006 | 100.0 |       0 |      69 | 100.0
            +---------+---------+-------+---------+---------+-------
